 Dungeon Crawl Stone Soup version 0.25.1-2-g60ff931df9 (webtiles) character file.

Game seed: 1232917569175256544

42 DearestLeader the Conjurer (level 3, -1/19 HPs)
             Began as a Deep Elf Conjurer on Sept 12, 2020.
             Slain by Sigmund
             ... wielding a +0 scythe
              (12 damage)
             ... on level 2 of the Dungeon.
             The game lasted 00:03:25 (1183 turns).

DearestLeader the Conjurer (Deep Elf Conjurer)      Turns: 1183, Time: 00:03:25

Health: -1/19      AC:  2    Str:  5    XL:     3   Next: 33%
Magic:  9/9        EV: 13    Int: 20    God:
Gold:   50         SH:  0    Dex: 15    Spells: 5/8 levels left

rFire    . . .     SeeInvis .   b - +0 dagger
rCold    . . .     Gourm    .   (no shield)
rNeg     . . .     Faith    .   a - +0 robe
rPois    .         Spirit   .   (no helmet)
rElec    .         Reflect  .   (no cloak)
rCorr    .         Harm     .   (no gloves)
MR       .....                  (no boots)
Stlth    +.........             (no amulet)
HPRegen  0.06/turn              (no ring)
MPRegen  0.11/turn              (no ring)

@: confused
A: no striking features
a: no special abilities


You were on level 2 of the Dungeon.
You were not hungry.

You visited 1 branch of the dungeon, and saw 2 of its levels.

You collected 50 gold pieces.

Inventory:

Hand Weapons
 b - a +0 dagger (weapon)
Armour
 a - a +0 robe (worn)
Scrolls
 d - a scroll of amnesia {unknown}
 j - a scroll of teleportation {unknown}
Potions
 e - a potion of curing {unknown}
 f - 2 potions of might
 g - a potion of heal wounds
 h - a potion of stabbing {unknown}
 k - a potion of lignification {unknown}
Comestibles
 c - 4 rations
 i - 3 chunks of flesh


   Skills:
 - Level 2.4 Dodging
 - Level 2.4 Stealth
 - Level 3.0 Spellcasting
 * Level 5.7 Conjurations


You had 5 spell levels left.
You knew the following spells:

 Your Spells              Type           Power        Failure   Level  Hunger
a - Magic Dart            Conj           ####         1%          1    None
b - Searing Ray           Conj           ####..       1%          2    ##.....

Your spell library contained the following spells:

 Spells                   Type           Power        Failure   Level  Hunger
 Dazzling Flash           Conj/Hex       ##....       13%         3    ###....
 Fulminant Prism          Conj/Hex       ##........   41%         4    ####...
 Iskenderun's Mystic Bla  Conj/Tloc      ##......     41%         4    ####...


Dungeon Overview and Level Annotations

Branches:
Dungeon (2/15)

Altars:

Annotations:
D:2 Sigmund


Message History

Aiming: Magic Dart (safe; 1% risk of failure)
Press: ? - help, Shift-Dir - straight line, f - bat
Aim: a bat (asleep)
The magic dart hits the bat.
You kill the bat!
A rat and Sigmund come into view.
Sigmund is wielding a +0 scythe and wearing a +0 robe of resistance.
Sigmund casts a spell at you.
You are confused.
You hear a shout!
You're too confused to cast spells.
Sorry, you're not good enough to have a special ability.
You're too confused to cast spells.
You bump into the rock wall.
Sigmund gestures at you while chanting.
You are more confused.
Sigmund hits you from afar with a +0 scythe!
Sigmund hits you from afar with a +0 scythe!
Ouch! That really hurt!
You die...

...............
######.####.#. # ##...## #.
##.###.## #.# #.## ##.# ###
#.#######.# #.#
..###@....##.## ##.###.
#.#.#........###......
#r##@#..###......##..
..r...$.##.#...........##..
##..######.#.###...........
# ..#.# #..#.##.#### ###.#
#..#.##.# #.# #..#.##.# ..#
#..#....# #..#..#.###
#.........


You could see Sigmund.

Vanquished Creatures
  An adder (D:2)
  A dart slug (D:2)
  A leopard gecko (D:1)
  6 bats
  A giant cockroach (D:1)
  5 goblins
  A hobgoblin (D:1)
  2 jackals (D:1)
  A ball python (D:1)
  7 kobolds
  4 rats (D:1)
30 creatures vanquished.

Notes
Turn   | Place    | Note
-------+----------+-------------------------------------------
     0 | D:1      | DearestLeader the Deep Elf Conjurer began the quest for the
                  | Orb.
     0 | D:1      | Reached XP level 1. HP: 10/10 MP: 6/6
   231 | D:1      | Reached XP level 2. HP: 13/15 MP: 1/8
   325 | D:1      | Reached skill level 5 in Conjurations
   941 | D:2      | Reached XP level 3. HP: 19/19 MP: 5/9
   982 | D:2      | Found a faded altar of an unknown god.
  1000 | D:2      | Learned a level 2 spell: Searing Ray
  1173 | D:2      | Noticed Sigmund
  1183 | D:2      | Slain by Sigmund

Illustrated notes

Levels and vault maps discovered:
D:1:      lightli_molten_gateway, layout_basic, serial_glass, glass_columns_a,
          glass_columns_a, minmay_misc_feat_chi, st_stairs_12
D:2:      layout_loops_ring, grunt_temple_overflow_diamond,
          grunt_gozag_breadcrumbs, chequers_ecumenical_altar_simple,
          lemuel_flame_loot_1, uniq_sigmund

Skill      XL: |  1  2 |
---------------+-------+-----
Conjurations   | 5 |  5.7
Dodging        | |  2.4
Stealth        | |  2.4
Spellcasting   | |  3.0

Action                   || total
-------------------------++-------
 Cast: Magic Dart        ||    53
  Use: Scroll            ||     2
  Eat: Chunk             ||     1
Dodge: Dodged            ||     9
